 Dungeon Crawl Stone Soup version 0.22-a0-305-gd21a89c (webtiles) character file.

387 rageheart7 the Ruffian (level 6, -3/51 HPs)
             Began as a Gnoll Wanderer on Mar 29, 2018.
             Was an Initiate of Nemelex Xobeh.
             Slain by an ice beast (14 damage)
             ... on level 5 of the Dungeon.
             The game lasted 00:07:05 (2928 turns).

rageheart7 the Ruffian (Gnoll Wanderer)             Turns: 2928, Time: 00:07:06

Health: -3/51      AC:  5    Str: 15    XL:     6   Next: 78%
Magic:  9/9        EV: 10    Int: 17    God:    Nemelex Xobeh [......]
Gold:   426        SH:  9    Dex: 13    Spells: 9/9 levels left

rFire    . . .     SeeInvis .   b - +0 hand crossbow
rCold    . . .     Gourm    .   p - +0 shield
rNeg     . . .     Faith    .   m - +0 ring mail
rPois    .         Spirit   .   (no helmet)
rElec    .         Reflect  .   (no cloak)
rCorr    .         Harm     .   (no gloves)
MR       .....                  (no boots)
Stlth    ++........             (no amulet)
HPRegen  0.17/turn              (no ring)
MPRegen  0.11/turn              (no ring)

@: flying
A: distributed training, fangs 1, strong nose
a: Renounce Religion


You were on level 5 of the Dungeon.
You worshipped Nemelex Xobeh.
Nemelex Xobeh was noncommittal.
You were not hungry.

You visited 1 branch of the dungeon, and saw 4 of its levels.
You also visited: Ossuary.

You collected 426 gold pieces.

Inventory:

Hand Weapons
 b - a +0 hand crossbow (weapon)
Missiles
 c - 6 bolts (quivered)
Armour
 m - a +0 ring mail (worn)
 p - a +0 shield (worn)
Jewellery
 n - a cursed ring of teleportation {unknown}
 q - an uncursed amulet of harm
Scrolls
 a - 3 scrolls of fear
 j - 3 scrolls of identify
 l - 2 scrolls of remove curse {unknown}
Potions
 d - a potion of brilliance {unknown}
 g - a potion of curing
 h - a potion of haste {unknown}
 i - a potion of might {unknown}
 k - a potion of flight
 o - 3 potions of invisibility {unknown}
 r - 2 potions of degeneration {unknown}
 s - 3 potions of heal wounds {unknown}
 t - 3 potions of magic {unknown}
 u - a potion of berserk rage {unknown}
Miscellaneous
 e - a plain deck of destruction
Comestibles
 f - 2 rations


   Skills:
 + Level 5.0 Fighting
 + Level 2.1 Short Blades
 + Level 2.1 Long Blades
 + Level 2.1 Axes
 + Level 2.1 Maces & Flails
 + Level 2.1 Polearms
 + Level 2.1 Staves
 + Level 2.1 Slings
 + Level 2.1 Bows
 + Level 2.1 Crossbows
 + Level 3.3 Throwing
 + Level 3.3 Armour
 + Level 5.0 Dodging
 + Level 3.1 Stealth
 + Level 3.3 Shields
 + Level 5.0 Unarmed Combat
 + Level 2.1 Spellcasting
 + Level 1.6 Conjurations
 + Level 1.6 Hexes
 + Level 1.6 Charms
 + Level 1.6 Summonings
 + Level 1.6 Necromancy
 + Level 1.6 Translocations
 + Level 1.6 Transmutations
 + Level 1.6 Fire Magic
 + Level 1.6 Ice Magic
 + Level 1.6 Air Magic
 + Level 1.6 Earth Magic
 + Level 1.6 Poison Magic
 + Level 2.3 Invocations
 + Level 2.1 Evocations


You had 9 spell levels left.
You didn't know any spells.

Dungeon Overview and Level Annotations

Branches:
Dungeon (5/15)
 Temple: D:4-7

Altars:
Cheibriados
Dithmenos
Nemelex Xobeh
Xom

Shops:
D:5 *

Annotations:
D:5 Duvessa, Sigmund


Innate Abilities, Weirdness & Mutations

Your experience applies equally to all skills.
You have very sharp teeth.
Your uncanny sense of smell can sniff out nearby items.


Message History

You block the crimson imp's attack.
An orc comes into view. It is wielding a dagger.
Duvessa rages.
The crimson imp hits you but does no damage.
Duvessa hits you with a short sword!
* * * LOW HITPOINT WARNING * * *
The crimson imp laughs crazily.
The crimson imp hits you but does no damage.
An ice beast comes into view.
Duvessa closely misses you.
The orc priest shouts!
Duvessa rages.
The orc hits you but does no damage.
The crimson imp disappears for a moment.
The crimson imp blinks!
Duvessa closely misses you. The ice beast hits you.
* * * LOW HITPOINT WARNING * * *
The ice beast freezes you!
You die...
Your body disappears without a glow.

,**,,*,* **********,..,,,,,.
,,*,,*,***##**#..,∆,,,,,,.#*****#
*,*,,*,,,,,..##'###*****#.# #
*,*,,*######.#....#######.#######
*,,,,,.o.....'.o........(........
,,,,,,.....#.#.........##......l.
,>,,,,,......%..........(...((.(.
,,,,,,,,........Y.......(.%.#####
,,,,**####o#..oe@......####.#
,,,,,,,..(.#...........# *,#
******###.##§.########## *,*****
#.......##### *,,,,,,
#..(........# ******* ***
**#...((....(.#*** ** ,,*
#.............#*<* **, ,,*
##......#)(...#*,* *,, ,,*
###....#...(.#*,* *,,


You could see Duvessa (berserk), an ice beast, an orc priest and an orc.

Vanquished Creatures
  A centaur (D:5)
  Dowan (D:5)
  2 worker ants
  A big kobold zombie (Ossuary)
  8 mummies (Ossuary)
  A gnoll (D:1)
  2 adders
  A worm (D:2)
  A dart slug (D:3)
  A leopard gecko (D:1)
  3 orcs (D:3)
  A ball python (D:2)
  A bat (D:2)
  14 giant cockroaches
  4 goblins (D:1)
  6 hobgoblins
  2 jackals (D:2)
  6 kobolds
  A quokka (D:2)
  3 frilled lizards (D:1)
  2 gnoll zombies (Ossuary)
  A hobgoblin zombie (Ossuary)
  2 kobold zombies (Ossuary)
  2 orc zombies (Ossuary)
  3 rats
70 creatures vanquished.

Notes
Turn   | Place    | Note
-------+----------+-------------------------------------------
     0 | D:1      | rageheart7 the Gnoll Wanderer began the quest for the Orb.
     0 | D:1      | rageheart7 set off with: 2 scrolls of fear, a +0 hand crossbow, 22 bolts, a potion of lignification, a +0 robe, a ration
     0 | D:1      | Reached XP level 1. HP: 20/20 MP: 1/1
    85 | D:1      | Reached XP level 2. HP: 26/26 MP: 2/2
   347 | D:1      | Reached XP level 3. HP: 31/31 MP: 3/3
   668 | D:2      | Reached skill level 1 in Invocations
   786 | D:2      | Reached skill level 1 in Short Blades
   786 | D:2      | Reached skill level 1 in Long Blades
   786 | D:2      | Reached skill level 1 in Axes
   786 | D:2      | Reached skill level 1 in Maces & Flails
   786 | D:2      | Reached skill level 1 in Polearms
   786 | D:2      | Reached skill level 1 in Staves
   786 | D:2      | Reached skill level 1 in Slings
   786 | D:2      | Reached skill level 1 in Bows
   786 | D:2      | Reached skill level 1 in Crossbows
   786 | D:2      | Reached skill level 1 in Spellcasting
   786 | D:2      | Reached skill level 1 in Evocations
   786 | D:2      | Reached XP level 4. HP: 22/38 MP: 5/5
   995 | D:2      | Found a shadowy altar of Dithmenos.
  1103 | D:2      | Found a sparkling altar of Nemelex Xobeh.
  1301 | D:2      | Reached skill level 1 in Conjurations
  1301 | D:2      | Reached skill level 1 in Hexes
  1301 | D:2      | Reached skill level 1 in Charms
  1301 | D:2      | Reached skill level 1 in Summonings
  1301 | D:2      | Reached skill level 1 in Necromancy
  1301 | D:2      | Reached skill level 1 in Translocations
  1301 | D:2      | Reached skill level 1 in Transmutations
  1301 | D:2      | Reached skill level 1 in Fire Magic
  1301 | D:2      | Reached skill level 1 in Ice Magic
  1301 | D:2      | Reached skill level 1 in Air Magic
  1301 | D:2      | Reached skill level 1 in Earth Magic
  1301 | D:2      | Reached skill level 1 in Poison Magic
  1636 | D:2      | Became a worshipper of Nemelex Xobeh the Trickster
  1731 | D:3      | Found a shimmering altar of Xom.
  1871 | D:3      | Found a snail-covered altar of Cheibriados.
  2011 | D:3      | Reached XP level 5. HP: 33/43 MP: 6/6
  2091 | D:3      | You fall through a shaft for 2 floors!
  2091 | D:5      | Entered Level 5 of the Dungeon
  2091 | D:5      | Found Hessawupn's Assorted Antiques.
  2091 | D:5      | Noticed a centaur
  2095 | D:5      | Killed a centaur
  2121 | D:5      | Received a gift from Nemelex Xobeh
  2145 | D:5      | Noticed Sigmund
  2169 | D:5      | Found a sand-covered staircase.
  2171 | D:5      | Noticed Duvessa
  2172 | D:5      | Noticed Dowan
  2178 | Ossuary  | Entered an ossuary
  2394 | Ossuary  | Reached XP level 6. HP: 50/50 MP: 8/8
  2576 | Ossuary  | Reached skill level 5 in Fighting
  2576 | Ossuary  | Reached skill level 5 in Dodging
  2576 | Ossuary  | Reached skill level 5 in Unarmed Combat
  2917 | D:5      | Killed Dowan
  2925 | D:5      | Noticed an ice beast
  2928 | D:5      | Slain by an ice beast

Vault maps used:
D:1:      minmay_arrival_jagged, minivault_11, minmay_pentomino_q2
D:2:      minmay_roachtagon, grunt_dithmenos_smoke,
          nemelex_xobeh_ov_fountains_minmay
D:3:      grunt_temple_overflow_lords_of_destruction, kennysheep_slug_shrine,
          minmay_misc_feat_cross, xom_teletrap_fun
D:5:      minmay_opposing_rooms, grunt_temple_overflow_open, first_ration,
          serial_shops, nicolae_shop_competitors_out_of_business,
          enter_ossuary_1, uniq_duvessa, uniq_sigmund, uniq_crazy_yiuf_cottage,
          uniq_pikel
Ossuary:  ossuary_tomb_3

Skill      XL: |  1  2  3  4  5  6 |
---------------+-------------------+-----
Invocations    | 1 2 |  2.3
Short Blades   | 1 2 |  2.1
Long Blades    | 1 2 |  2.1
Axes           | 1 2 |  2.1
Maces & Flails | 1 2 |  2.1
Polearms       | 1 2 |  2.1
Staves         | 1 2 |  2.1
Slings         | 1 2 |  2.1
Bows           | 1 2 |  2.1
Crossbows      | 1 2 |  2.1
Spellcasting   | 1 2 |  2.1
Evocations     | 1 2 |  2.1
Conjurations   | 1 |  1.6
Hexes          | 1 |  1.6
Charms         | 1 |  1.6
Summonings     | 1 |  1.6
Necromancy     | 1 |  1.6
Translocations | 1 |  1.6
Transmutations | 1 |  1.6
Fire Magic     | 1 |  1.6
Ice Magic      | 1 |  1.6
Air Magic      | 1 |  1.6
Earth Magic    | 1 |  1.6
Poison Magic   | 1 |  1.6
Throwing       | 3 |  3.3
Armour         | 3 |  3.3
Shields        | 3 |  3.3
Stealth        | 3 |  3.1
Fighting       | 5 |  5.0
Dodging        | 5 |  5.0
Unarmed Combat | 5 |  5.0

Action                   |  1- 3 |  4- 6 || total
-------------------------+-------+-------++-------
Melee: Unarmed           |       |    43 ||    43
       Bite              |       |     3 ||     3
 Fire: Hand crossbow     |    65 |   126 ||   191
  Use: Scroll            |       |     7 ||     7
       Potion            |       |     3 ||     3
  Eat: Chunk             |       |     4 ||     4
       Ration            |       |     1 ||     1
Armor: Ring mail         |     9 |    43 ||    52
       Skin              |       |     2 ||     2
Dodge: Dodged            |    21 |   105 ||   126
Block: Shield            |       |    53 ||    53

Table legend:
 A = Spawn XP
 B = Non-spawn XP
 C = Spawn XP percentage of total XP
 D = Spawn monster count
 E = Non-spawn monster count
 F = Spawn count percentage of total count
 G = Total turns spent on level
                    A         B        C        D         E        F      G
               +---------+---------+-------+---------+---------+-------+---------
         Total |       0 |     554 |   0.0 |       0 |      70 |   0.0 |  2928
               +---------+---------+-------+---------+---------+-------+---------
           D:1 |       0 |      50 |   0.0 |       0 |      22 |   0.0 |   641
           D:2 |       0 |      86 |   0.0 |       0 |      21 |   0.0 |  1019
           D:3 |       0 |      31 |   0.0 |       0 |       7 |   0.0 |   431
           D:5 |       0 |     211 |   0.0 |       0 |       4 |   0.0 |   109
       Ossuary |       0 |     176 |   0.0 |       0 |      16 |   0.0 |   728
               +---------+---------+-------+---------+---------+-------+---------
